 Dungeon Crawl Stone Soup version 0.19.5 (webtiles) character file.

40731 theclashman2 the Severer (level 13, -10/122 HPs)
             Began as a Minotaur Berserker on May 24, 2017.
             Was a High Priest of Trog.
             Shot with an arrow by a deep elf archer (17 damage)
             ... on level 13 of the Dungeon.
             The game lasted 01:42:17 (16248 turns).

theclashman2 the Severer (Minotaur Berserker)      Turns: 16248, Time: 01:42:17

Health: -10/122    AC: 19    Str: 23    XL:     13   Next: 76%
Magic:  12/12      EV: 13    Int:  4    God:    Trog [*****.]
Gold:   255        SH:  0    Dex: 14    Spells: 1 memorised, 8 levels left

rFire  . . .     SeeInvis +     f - +0 battleaxe
rCold  . . .     Gourm    .     S - +0 chain mail
rNeg   . . .     Faith    .     (shield currently unavailable)
rPois  .         Spirit   .     A - +0 hat {SInv}
rElec  .         Reflect  .     T - +1 cloak
rCorr  +         Harm     .     O - +1 pair of gloves
MR     ++...     NoTele   +     n - +0 pair of boots "Xidepser" {-Tele +Fly Regen+}
Stlth  ..........               v - amulet of regeneration
                                V - ring of resist corrosion
                                t - ring of flight

@: exhausted, regenerating, slowed, very slow
A: retaliatory headbutt, horns 2
a: Berserk, Trog's Hand, Brothers in Arms, Burn Spellbooks, Renounce Religion,
Evoke Flight


You were on level 13 of the Dungeon.
You worshipped Trog.
Trog was extremely pleased with you.
You were not hungry.

You visited 2 branches of the dungeon, and saw 18 of its levels.

You collected 922 gold pieces.
You spent 667 gold pieces at shops.

Inventory:

Hand Weapons
 b - the +1 war axe "Kujado" {chop, rC+}
   (You found it on level 2 of the Lair of Beasts)

   It inflicts extra damage upon your enemies.
   It protects you from cold.
 f - a +0 battleaxe (weapon)
 s - a +1 hand axe of flaming
 H - a +1 battleaxe of chopping
 K - a +1 battleaxe of freezing
Armour
 n - the +0 pair of boots "Xidepser" (worn) {-Tele +Fly Regen+}
   (You found it on level 2 of the Lair of Beasts)

   It lets you fly.
   It prevents most forms of teleportation.
   It increases your rate of regeneration.
 A - a +0 hat of see invisible (worn)
 O - a +1 pair of gloves (worn)
 S - a +0 chain mail (worn)
 T - a +1 cloak (worn)
Jewellery
 a - an uncursed ring of poison resistance
 o - an uncursed ring of protection from magic {unknown}
 t - a ring of flight (left hand)
 v - an amulet of regeneration (around neck)
 J - a +3 ring of protection
 V - a ring of resist corrosion (right hand)
 X - an uncursed ring of positive energy {unknown}
Wands
 q - a wand of random effects (10/48)
 P - a wand of flame (25/48)
 Q - a wand of polymorph (9/24)
Scrolls
 c - 3 scrolls of teleportation {unknown}
 d - 12 scrolls of remove curse {Chain Mail Armor}
 i - 4 scrolls of recharging {unknown}
 j - 2 scrolls of magic mapping {unknown}
 m - a scroll of enchant weapon {unknown}
 r - 4 scrolls of immolation
 x - 3 scrolls of fog {unknown}
 y - 4 scrolls of amnesia {unknown}
 C - 3 scrolls of random uselessness {unknown}
 E - 4 scrolls of blinking {unknown}
 I - a scroll of enchant armour {unknown}
 R - a scroll of silence {unknown}
 U - 2 scrolls of noise {unknown}
Potions
 e - 4 potions of curing
 g - 3 potions of lignification
 h - a potion of cure mutation
 k - 2 potions of ambrosia
 l - 2 potions of might {unknown}
 p - 2 potions of cancellation
 u - 2 potions of agility
 w - 3 potions of invisibility
 B - 3 potions of mutation
 N - 4 potions of heal wounds {unknown}
 Y - a potion of degeneration {unknown}
 Z - 2 potions of berserk rage {unknown}
Books
 G - a book of Maledictions

   Spells                             Type                      Level
   a - Corona                         Hexes                        1
   b - Ensorcelled Hibernation        Hexes/Ice                    2
   c - Confuse                        Hexes                        3
   d - Tukima's Dance                 Hexes                        3
   e - Dazzling Spray                 Conjuration/Hexes            3
   Trog disapproves of the use of such an item.
 W - a book of Misfortune

   Spells                             Type                      Level
   a - Confusing Touch                Hexes                        1
   b - Confuse                        Hexes                        3
   c - Gell's Gravitas                Hexes/Translocation          3
   d - Petrify                        Transmutation/Earth          4
   e - Metabolic Englaciation         Hexes/Ice                    5
   f - Yara's Violent Unravelling     Hexes/Transmutation          5
   Trog disapproves of the use of such an item.
Comestibles
 z - 9 meat rations
 D - 6 bread rations
 F - 2 beef jerkies
 L - 10 fruits
 M - 4 royal jellies


   Skills:
 + Level 13.2 Fighting
 + Level 18.2 Axes
 + Level 0.2 Throwing
 + Level 13.9 Armour
 + Level 7.5 Dodging
 + Level 3.6 Stealth


You had 8 spell levels left.
You knew the following spells:

 Your Spells              Type           Power        Failure   Level  Hunger
a - Petrify               Tmut/Erth      #.......     100%        4    #####..


Dungeon Overview and Level Annotations

Branches:
Dungeon (13/15)            Temple (0/1) D:4            Lair (5/6) D:10
 Shoals (0/4) Lair:2       Spider (0/4) Lair:2        Slime (0/5) Lair:5
    Orc (0/2) D:12
 Vaults: D:13-14

Altars:
Fedhas
Nemelex Xobeh
Okawaru
Qazlal
Xom
Yredelemnul
Zin
The Shining One
Jiyva

Shops:
D:12 [

Portals:
Trove: D:10 (give 5 scrolls of blinking)


Innate Abilities, Weirdness & Mutations

You reflexively headbutt those who attack you in melee.
You have a pair of horns on your head.


Message History

The hill giant hits you with a giant spiked club!
* * * LOW HITPOINT WARNING * * *
Mmm - a full handful of almonds!
The howler monkey hoots and howls with incredible vigour!
The crimson imp blinks!
Found 16 gold pieces.
You slice the hill giant like a ripe choko!!!
You kill the hill giant!
The hill giant's corpse dissolves into shadows!
The deep elf archer shoots an arrow.
The arrow hits you!
* * * LOW HITPOINT WARNING * * *
The deep elf archer shoots an arrow.
The arrow hits you!
* * * LOW HITPOINT WARNING * * *
You see here an arrow.
Your skin crawls.
You feel resistant to hostile enchantments.
You feel quite a bit more hungry.
The deep elf archer shoots an arrow.
The arrow closely misses you.
The deep elf archer shoots an arrow.
The arrow hits you!
You die...

####.#..#.#####
.............. ##
......)... ..
###.#..#)##### .#
#......)o).#.# .#
.ยง##.#..#e##..# .####
#..#.#.#.# ### .##.#
#..##.#$.# ..# .##.#
#..#..@.)# #.#
.##.#######..#########.#
....##..#.......###.##.#
........##...#......##.####
###########.#######.......#
# #.# #.##)##.# # #.#
#.#)(.#.# # ##+## #.#...#.#
##### ##...## #.#...#.#


You could see a deep elf archer.

Vanquished Creatures
  Frances (D:12)
  Gastronok (Lair:2)
  5 hydras
  A catoblepas (Lair:4)
  An ogre mage (D:13)
  The ghost of IcySystem the Unseen, a journeyman SpEn of Ashenzari (Lair:2)
  An unseen horror (D:12)
  A hill giant (D:12)
  An orc knight (D:13)
  3 deep elf magi
  A cyclops (D:11)
  5 ugly things
  A siren (Lair:2)
  4 elephants (Lair:4)
  3 black mambas
  A gargoyle (D:12)
  8 spiny frogs
  3 kobold demonologists (D:11)
  3 trolls
  4 komodo dragons
  A merfolk (D:10)
  2 two-headed ogres (D:13)
  Grinder (D:4)
  6 hippogriffs
  A hornet (D:7)
  21 blink frogs
  A vampire (D:10)
  A wyvern (Lair:4)
  32 yaks
  A basilisk (Lair:4)
  A hungry ghost (D:12)
  Menkaure (D:4)
  A steam dragon (D:8)
  4 water moccasins
  6 porcupines
  5 orc warriors
  A hornet zombie (D:8)
  2 sky beasts
  An eye of draining (D:11)
  A necrophage (D:11)
  8 ogres
  3 black bears
  2 phantoms
  4 wolves (Lair:4)
  4 boggarts (D:12)
  7 centaurs
  6 crocodiles
  6 big kobolds
  12 bullfrogs
  5 scorpions
  13 killer bees
  2 howler monkeys (D:4)
  2 electric eels (D:10)
  6 crimson imps
  4 bullfrog zombies
  5 jellies
  A quasit (D:12)
  A centaur zombie (D:11)
  2 bullfrog skeletons
  2 hounds
  A centaur skeleton (D:9)
  4 orc priests
  Crazy Yiuf (D:5)
  14 orc wizards
  Natasha (D:4)
  2 iguanas
  10 worker ants
  2 hound skeletons
  A worker ant zombie (D:10)
  8 gnolls
  A howler monkey skeleton (D:4)
  8 adders
  3 shadow imps
  4 oozes
  2 adder zombies
  An adder skeleton (D:9)
  4 worms
  2 dart slugs
  4 leopard geckos
  56 orcs
  A ball python (D:3)
  5 giant cockroaches
  5 hobgoblins
  3 jackals (D:7)
  2 quokkas
  8 bats
  4 frilled lizards
  6 goblins
  A jackal skeleton (D:9)
  19 kobolds
  3 quokka skeletons
  4 rats
  3 fungi
  6 plants
433 creatures vanquished.

Vanquished Creatures (others)
  An orc (D:13)
  4 fungi
  5 plants
10 creatures vanquished.

Grand Total: 443 creatures vanquished

Notes
Turn   | Place    | Note
-------+----------+-------------------------------------------
     0 | D:1      | theclashman2 the Minotaur Berserker began the quest for the Orb.
     0 | D:1      | Reached XP level 1. HP: 19/19 MP: 0/0
   904 | D:1      | Reached XP level 2. HP: 27/27 MP: 1/1
  1856 | D:2      | Reached skill level 4 in Axes
  1904 | D:2      | Found a faded altar of an unknown god.
  1914 | D:2      | Reached XP level 3. HP: 17/33 MP: 2/2
  2353 | D:2      | Found a glowing golden altar of the Shining One.
  2807 | D:3      | Reached ** piety under Trog
  3267 | D:3      | Found a shimmering altar of Xom.
  3267 | D:3      | Found a sparkling altar of Nemelex Xobeh.
  3307 | D:3      | Found a faded altar of an unknown god.
  3309 | D:3      | Found a faded altar of an unknown god.
  3310 | D:3      | Found a faded altar of an unknown god.
  3441 | D:4      | Reached skill level 1 in Stealth
  3441 | D:4      | Reached XP level 4. HP: 41/41 MP: 3/3
  3468 | D:4      | Noticed Grinder
  3478 | D:4      | Killed Grinder
  3478 | D:4      | Reached skill level 5 in Fighting
  3478 | D:4      | Reached skill level 5 in Axes
  3478 | D:4      | Reached XP level 5. HP: 33/48 MP: 4/4
  3478 | D:4      | Reached XP level 6. HP: 39/56 MP: 5/5
  3620 | D:4      | Found an iron altar of Okawaru.
  3624 | D:4      | Noticed Menkaure
  3636 | D:4      | Killed Menkaure
  3636 | D:4      | Reached skill level 6 in Axes
  3791 | D:4      | Found a staircase to the Ecumenical Temple.
  3911 | D:4      | Reached XP level 7. HP: 57/61 MP: 6/6
  3981 | D:4      | Noticed Natasha
  3990 | D:4      | Killed Natasha
  4003 | D:4      | Found a blossoming altar of Fedhas.
  4005 | D:4      | Found a stormy altar of Qazlal.
  4157 | D:5      | Entered Level 5 of the Dungeon
  4164 | D:5      | Reached skill level 7 in Axes
  4295 | D:5      | Reached skill level 5 in Armour
  4764 | D:5      | Found a runed door.
  4768 | D:5      | Noticed Crazy Yiuf
  4772 | D:5      | Killed Crazy Yiuf
  4961 | D:6      | Reached *** piety under Trog
  5017 | D:6      | Reached XP level 8. HP: 56/70 MP: 7/7
  5058 | D:6      | Reached skill level 8 in Axes
  5901 | D:7      | Reached skill level 9 in Axes
  6112 | D:7      | Noticed a hornet
  6118 | D:7      | Killed a hornet
  6118 | D:7      | Reached skill level 10 in Axes
  6118 | D:7      | Reached XP level 9. HP: 78/78 MP: 8/8
  6179 | D:7      | Reached skill level 5 in Dodging
  6588 | D:7      | Reached **** piety under Trog
  6875 | D:8      | Got a sapphire mace
  6876 | D:8      | Identified the +2 mace of Guilt {crush, rN+ Int+3} (You found it on level 8 of the Dungeon)
  6948 | D:8      | Reached skill level 11 in Axes
  7695 | D:9      | Noticed a troll
  7705 | D:9      | Killed a troll
  8083 | D:9      | Reached skill level 12 in Axes
  8083 | D:9      | Reached XP level 10. HP: 88/88 MP: 9/9
  8333 | D:10     | Entered Level 10 of the Dungeon
  8422 | D:10     | Found a staircase to the Lair.
  8428 | D:10     | Found a shimmering altar of Xom.
  8459 | Lair:1   | Entered Level 1 of the Lair of Beasts
  8701 | Lair:1   | Found a glowing silver altar of Zin.
  8779 | Lair:1   | Reached ***** piety under Trog
  9281 | Lair:2   | Noticed a spiny frog
  9291 | Lair:2   | Killed a spiny frog
  9475 | Lair:2   | Got a pair of pitted boots
  9486 | Lair:2   | Identified the +0 pair of boots "Xidepser" {-Tele +Fly Regen+} (You found it on level 2 of the Lair of Beasts)
  9521 | Lair:2   | Noticed IcySystem's ghost (journeyman SpEn)
  9525 | Lair:2   | Noticed a black mamba
  9539 | Lair:2   | Killed a black mamba
  9539 | Lair:2   | Reached skill level 13 in Axes
  9542 | Lair:2   | Killed IcySystem's ghost
  9734 | Lair:2   | Noticed a seven-headed hydra
  9750 | Lair:2   | Killed a one-headed hydra
  9777 | Lair:2   | Noticed a spiny frog
  9867 | Lair:2   | Reached XP level 11. HP: 89/97 MP: 10/10
  9889 | Lair:2   | Found a hole to the Spider Nest.
  9936 | Lair:2   | Got a crystal war axe
  9937 | Lair:2   | Identified the +1 war axe "Kujado" {chop, rC+} (You found it on level 2 of the Lair of Beasts)
 10026 | Lair:2   | Reached skill level 10 in Armour
 10351 | Lair:2   | Found a staircase to the Shoals.
 10443 | Lair:2   | Noticed a five-headed hydra
 10452 | Lair:2   | Killed a one-headed hydra
 10452 | Lair:2   | Reached skill level 14 in Axes
 10534 | Lair:2   | Noticed Gastronok
 10550 | Lair:2   | Killed Gastronok
 10667 | Lair:3   | Reached skill level 10 in Fighting
 11147 | Lair:4   | Reached skill level 15 in Axes
 11488 | Lair:4   | Reached XP level 12. HP: 107/107 MP: 11/11
 11557 | Lair:4   | Noticed a four-headed hydra
 11566 | Lair:4   | Killed a one-headed hydra
 11678 | Lair:4   | Noticed a seven-headed hydra
 11685 | Lair:4   | Killed a two-headed hydra
 12092 | Lair:4   | Noticed a catoblepas
 12122 | Lair:4   | Killed a catoblepas
 12553 | Lair:5   | Reached skill level 16 in Axes
 12607 | Lair:5   | Noticed a six-headed hydra
 12622 | Lair:5   | Killed a one-headed hydra
 13458 | Lair:5   | Found a runed door.
 13458 | Lair:5   | Found a viscous altar of Jiyva.
 13458 | Lair:5   | Found a staircase to the Slime Pits.
 13465 | Lair:5   | Reached XP level 13. HP: 118/118 MP: 12/12
 13787 | D:10     | Received a gift from Trog
 13930 | D:10     | Reached ****** piety under Trog
 14087 | D:10     | Found a portal to a secret trove of treasure.
 14093 | D:10     | Was placed under penance by Trog
 14098 | D:10     | Learned a level 4 spell: Petrify
 14748 | D:11     | Found a basalt altar of Yredelemnul.
 14812 | D:11     | Reached skill level 17 in Axes
 14830 | D:11     | Was forgiven by Trog
 15398 | D:12     | Found Vonyuthi's Antique Armour Shoppe.
 15505 | D:12     | Bought a plate armour for 667 gold pieces
 15615 | D:12     | Noticed Frances
 15634 | D:12     | HP: 1/178 [Frances/iron shot (21)]
 15636 | D:12     | Killed Frances
 15778 | D:12     | Found a staircase to the Orcish Mines.
 16165 | D:13     | Received a gift from Trog
 16206 | D:13     | Reached skill level 18 in Axes
 16224 | D:13     | Received a gift from Trog
 16247 | D:13     | HP: 4/122 [deep elf archer/arrow (7)]
 16248 | D:13     | Shot with an arrow by a deep elf archer

Skill      XL: |  1  2  3  4  5  6  7  8  9 10 11 12 13 |
---------------+----------------------------------------+-----
Fighting       | 4 5 6 7 9 10 12 13 | 13.2
Axes           | 4 5 6 7 10 12 13 15 16 18 | 18.2
Stealth        | 1 2 3 |  3.6
Dodging        | 3 4 6 7 |  7.5
Armour         | 3 4 5 6 7 9 11 13 | 13.9
Throwing       | |  0.2

Action                   |  1- 3 |  4- 6 |  7- 9 | 10-12 | 13-15 || total
-------------------------+-------+-------+-------+-------+-------++-------
Melee: Hand axe          |    89 |    30 |   304 |    47 |       ||   470
       Headbutt          |    11 |    11 |    56 |   118 |    78 ||   274
       War axe           |       |       |    11 |   425 |    15 ||   451
       Battleaxe         |       |       |       |       |   335 ||   335
Throw: Stone             |     2 |       |       |       |       ||     2
Invok: Berserk           |     2 |     1 |     4 |     2 |     2 ||    11
       Trog's Hand       |       |     1 |       |     1 |     1 ||     3
       Burn Spellbooks   |       |       |     1 |       |       ||     1
 Abil: Evoke Flight      |       |       |     1 |       |       ||     1
  Use: Scroll            |       |     4 |     3 |     6 |       ||    13
 Stab: Sleeping          |     1 |       |     1 |       |       ||     2
  Eat: Chunk             |     3 |     2 |    15 |     7 |       ||    27
       Bread ration      |     1 |       |       |     1 |     1 ||     3
       Fruit             |     1 |     2 |       |       |     2 ||     5
       Pizza             |       |       |     1 |       |       ||     1
       Meat ration       |       |       |       |     2 |     2 ||     4
Armor: Animal skin       |    16 |       |       |       |       ||    16
       Ring mail         |    11 |     7 |   105 |       |       ||   123
       Chain mail        |       |       |     1 |   315 |   160 ||   476
Dodge: Dodged            |    56 |    18 |   175 |   302 |   196 ||   747
